 Dungeon Crawl Stone Soup version 0.19.1 (webtiles) character file.

3828 CanadianGator the Thaumaturge (level 9, -14/45 HPs)
             Began as a Deep Elf Conjurer on Dec 14, 2016.
             Was a Priest of Vehumet.
             Killed by an exploding fulminant prism (17 damage)
             ... created by the player character
             ... on level 8 of the Dungeon.
             The game lasted 00:53:06 (7446 turns).

CanadianGator the Thaumaturge (Deep Elf Conjurer)   Turns: 7446, Time: 00:53:07

Health: -14/45     AC: 16    Str:  5    XL:     9   Next: 97%
Magic:  19/26      EV: 13    Int: 24    God:    Vehumet [***...]
Gold:   82         SH:  0    Dex: 18    Spells: 5 memorised, 17 levels left

rFire  . . .     SeeInvis +     M - +0 dagger (speed)
rCold  . . .     Gourm    .     N - +4 ring mail
rNeg   . . .     Faith    .     (no shield)
rPois  .         Spirit   .     p - +2 hat
rElec  .         Reflect  .     (no cloak)
rCorr  .         Harm     .     y - +2 pair of gloves {Dex+3}
MR     +....                    Q - +0 pair of boots
Stlth  ++........               t - amulet of magic regeneration
                                s - ring of protection from magic
                                m - ring of see invisible

@: no status effects
A: no striking features
a: Renounce Religion


You were on level 8 of the Dungeon.
You worshipped Vehumet.
Vehumet was most pleased with you.
You were not hungry.

You visited 2 branches of the dungeon, and saw 9 of its levels.
You also visited: Ossuary.

You collected 404 gold pieces.
You spent 322 gold pieces at shops.

Inventory:

Hand Weapons
 M - a +0 dagger of speed (weapon)
Armour
 e - a +1 leather armour
 p - a +2 hat (worn)
 y - a +2 pair of gloves of dexterity (worn)
 N - a +4 ring mail (worn)
 Q - a +0 pair of boots (worn)
Jewellery
 m - a ring of see invisible (left hand)
 s - a ring of protection from magic (right hand)
 t - an amulet of magic regeneration (around neck)
 u - an uncursed amulet of regeneration
 I - a +2 amulet of reflection
Wands
 q - a wand of confusion (30/48)
 B - a wand of digging (21/24)
 K - a wand of lightning (8/15)
 L - a wand of flame (12/48)
Scrolls
 f - 3 scrolls of remove curse
 i - 6 scrolls of teleportation
 l - a scroll of enchant armour
 r - 3 scrolls of enchant weapon
 v - a scroll of immolation
 D - a scroll of recharging
 F - a scroll of fog
 O - a scroll of silence
Potions
 d - a potion of magic {unknown}
 g - 5 potions of brilliance
 h - a potion of berserk rage {unknown}
 j - 2 potions of resistance
 k - 5 potions of lignification
 n - 2 potions of cancellation
 o - 3 potions of heal wounds
 w - 5 potions of curing
 x - 2 potions of cure mutation
 z - a potion of ambrosia {unknown}
 J - 3 potions of haste
Books
 b - a book of Conjurations

   Spells                             Type                      Level
   a - Magic Dart                     Conjuration                  1
   b - Searing Ray                    Conjuration                  2
   c - Dazzling Spray                 Conjuration/Hexes            3
   d - Fulminant Prism                Conjuration/Hexes            4
   e - Iskenderun's Mystic Blast      Conjuration                  4
   f - Iskenderun's Battlesphere      Conjuration/Charms           5
 E - a book of Cantrips

   Spells                             Type                      Level
   a - Confusing Touch                Hexes                        1
   b - Animate Skeleton               Necromancy                   1
   c - Summon Small Mammal            Summoning                    1
   d - Apportation                    Translocation                1
 P - a book of Unlife

   Spells                             Type                      Level
   a - Recall                         Summoning/Translocation      3
   b - Animate Dead                   Necromancy                   4
   c - Control Undead                 Necromancy                   4
   d - Cigotuvi's Embrace             Necromancy                   5
   e - Death Channel                  Necromancy                   6
   f - Simulacrum                     Ice/Necromancy               6
Comestibles
 c - 7 bread rations
 A - a beef jerky
 G - 3 slices of pizza
 H - 3 meat rations


   Skills:
 + Level 4.1 Armour
 + Level 7.6 Dodging
 - Level 2.4 Stealth
 * Level 11.3 Spellcasting
 * Level 10.1 Conjurations


You had 17 spell levels left.
You knew the following spells:

 Your Spells              Type           Power        Failure   Level  Hunger
a - Magic Dart            Conj           ####         1%          1    None
b - Searing Ray           Conj           ######       1%          2    None
c - Fulminant Prism       Conj/Hex       #####.....   8%          4    None
d - Iskenderun's Battles  Conj/Chrm      #####...     32%         5    ####...
e - Shock                 Conj/Air       ####         1%          1    None


Dungeon Overview and Level Annotations

Branches:
Dungeon (8/15)             Temple (1/1) D:6
   Lair: D:8-11

Altars:
Ashenzari
Cheibriados
Dithmenos
Elyvilon
Fedhas
Gozag
Hepliaklqana
Kikubaaqudgha
Makhleb
Nemelex Xobeh
Okawaru
Qazlal
Ru
Sif Muna
Trog
Uskayaw
Vehumet
Xom
Yredelemnul
Zin
The Shining One

Shops:
D:4 =   D:7 *


Message History

Confirm with . or Enter, or press ? or * to list all spells.
Aiming: Fulminant Prism
Press: ? - help, Dir - move target cursor, p - orc warrior You conjure a prism of explosive energy!
The orc priest shouts!
The orc warrior barely misses you.
The electric eel shoots out a bolt of lightning at you!
The bolt of electricity hits you!
An orc comes into view. It is wielding a hand axe.
The orc warrior hits you but does no damage.
Your fulminant prism crackles loudly.
The orc priest mumbles some strange prayers to Beogh against you.
Beogh smites you!
* * * LOW HITPOINT WARNING * * *
Your fulminant prism explodes!
The blast of energy engulfs the orc warrior.
You kill the orc warrior!
Vehumet accepts your kill.
You feel your power returning. The blast of energy engulfs you!
You die...

#.##############
#...............
#####...............
......#.############
####.......(.(.....@
#.##.############
##########.##.#
.........#.##.######
........)@...........
.........#.######..##
.........#.# ..
............
;...........#
;....ooo....#
.....≈≈o....#
.....≈≈≈....#
........#


You could see 3 orc priests and an orc.

Vanquished Creatures
  Prince Ribbit (D:6)
  A hippogriff (D:7)
  Sigmund (D:6)
  2 hungry ghosts (D:7)
  Menkaure (D:7)
  2 orc warriors
  An ice beast (D:5)
  A phantom (D:5)
  4 ogres
  A centaur (D:7)
  11 scorpions
  5 howler monkeys
  An electric eel (D:8)
  A crimson imp (D:8)
  A bullfrog zombie (D:6)
  2 centaur zombies (Ossuary)
  A human zombie (Ossuary)
  A jelly (D:4)
  An orc priest (D:3)
  4 hounds
  Jessica (D:2)
  4 iguanas
  6 orc wizards
  2 worker ants
  2 mummies (Ossuary)
  2 worker ant zombies
  9 gnolls
  9 adders
  6 scorpion zombies (Ossuary)
  A shadow imp (D:5)
  A worm (D:4)
  5 dart slugs
  5 leopard geckos
  30 orcs
  12 bats
  7 giant cockroaches
  A gnoll zombie (Ossuary)
  14 goblins
  15 hobgoblins
  13 jackals
  8 kobolds
  A quokka (D:2)
  2 ball pythons (D:3)
  2 frilled lizards (D:2)
  5 goblin zombies (Ossuary)
  4 hobgoblin zombies (Ossuary)
  A leopard gecko zombie (D:7)
  6 rats
217 creatures vanquished.

Vanquished Creatures (others)
  Joseph (D:8)
  An orc priest (D:5)
  A mummy (Ossuary)
  24 fulminant prisms
  4 toadstools (D:1)
31 creatures vanquished.

Grand Total: 248 creatures vanquished

Notes
Turn   | Place    | Note
-------+----------+-------------------------------------------
     0 | D:1      | CanadianGator the Deep Elf Conjurer began the quest for the Orb.
     0 | D:1      | Reached XP level 1. HP: 10/10 MP: 6/6
   405 | D:1      | Reached XP level 2. HP: 15/15 MP: 4/8
   462 | D:1      | Learned a level 2 spell: Searing Ray
   863 | D:1      | Reached skill level 4 in Spellcasting
   893 | D:1      | Reached XP level 3. HP: 19/19 MP: 8/10
  1149 | D:2      | Reached skill level 5 in Conjurations
  1443 | D:2      | Noticed Jessica
  1446 | D:2      | Killed Jessica
  1446 | D:2      | Reached XP level 4. HP: 24/24 MP: 4/12
  1781 | D:2      | Reached skill level 5 in Spellcasting
  1797 | D:2      | Reached XP level 5. HP: 28/28 MP: 4/14
  2445 | D:3      | Reached skill level 6 in Spellcasting
  2450 | D:3      | Reached XP level 6. HP: 26/32 MP: 3/17
  3109 | D:4      | Found Veuxir's Jewellery Shop.
  3311 | D:4      | You fall through a shaft for 2 floors!
  3311 | D:6      | Found a shimmering altar of Xom.
  3311 | D:6      | Noticed Sigmund
  3318 | D:6      | Killed Sigmund
  3318 | D:6      | Reached skill level 1 in Armour
  3318 | D:6      | Reached skill level 7 in Spellcasting
  3318 | D:6      | Reached XP level 7. HP: 36/36 MP: 11/19
  3365 | D:6      | Found a staircase to the Ecumenical Temple.
  3373 | Temple   | Entered the Ecumenical Temple
  3462 | Temple   | Became a worshipper of Vehumet
  3529 | D:6      | Found a stormy altar of Qazlal.
  3555 | D:6      | Noticed Prince Ribbit
  3565 | D:6      | Killed Prince Ribbit
  3600 | D:6      | Reached skill level 5 in Dodging
  3954 | D:5      | Entered Level 5 of the Dungeon
  3963 | D:5      | Reached skill level 8 in Spellcasting
  3963 | D:5      | Reached XP level 8. HP: 39/41 MP: 17/22
  4347 | D:5      | Found a glowing drain.
  4366 | D:5      | Found a sand-covered staircase.
  4372 | Ossuary  | Entered an ossuary
  4386 | Ossuary  | Reached * piety under Vehumet
  4386 | Ossuary  | Offered knowledge of Shock by Vehumet.
  4416 | Ossuary  | Learned a level 4 spell: Fulminant Prism
  4422 | Ossuary  | Learned a level 5 spell: Iskenderun's Battlesphere
  4424 | Ossuary  | Learned a level 1 spell: Shock
  4561 | Ossuary  | Reached skill level 9 in Spellcasting
  4784 | Ossuary  | Offered knowledge of Freeze by Vehumet.
  4896 | D:5      | Reached ** piety under Vehumet
  5005 | D:5      | Reached XP level 9. HP: 39/45 MP: 10/24
  5882 | D:4      | Found a shadowy altar of Dithmenos.
  5882 | D:4      | Found an iron altar of Okawaru.
  5885 | D:4      | Found a hide-covered altar of Uskayaw.
  6266 | D:7      | Noticed Menkaure
  6273 | D:7      | Offered knowledge of Conjure Flame by Vehumet.
  6273 | D:7      | Killed Menkaure
  6273 | D:7      | Reached skill level 10 in Spellcasting
  6583 | D:7      | Reached *** piety under Vehumet
  6733 | D:7      | Reached skill level 11 in Spellcasting
  6756 | D:7      | Found Komeh's General Store.
  6764 | D:7      | Bought a scroll of identify for 30 gold pieces
  6764 | D:7      | Bought a scroll of silence for 112 gold pieces
  6764 | D:7      | Bought a scroll of identify for 30 gold pieces
  6764 | D:7      | Bought a potion of haste for 150 gold pieces
  7254 | D:8      | Reached skill level 10 in Conjurations
  7277 | D:8      | Noticed Joseph
  7307 | D:8      | Killed Joseph
  7446 | D:8      | Killed by an exploding fulminant prism

Skill      XL: |  1  2  3  4  5  6  7  8  9 |
---------------+----------------------------+-----
Spellcasting   | 4 5 6 7 8 9 11 | 11.3
Conjurations   | 5 6 7 8 10 | 10.1
Dodging        | 3 4 5 6 7 |  7.6
Armour         | 1 2 3 4 |  4.1
Stealth        | |  2.4

Action                   |  1- 3 |  4- 6 |  7- 9 || total
-------------------------+-------+-------+-------++-------
Melee: Unarmed           |     7 |     1 |     4 ||    12
 Cast: Magic Dart        |    63 |    61 |    54 ||   178
       Searing Ray       |     7 |    27 |    60 ||    94
       Shock             |       |       |   126 ||   126
       Fulminant Prism   |       |       |    25 ||    25
Evoke: Wand              |       |       |     1 ||     1
  Use: Scroll            |       |     6 |    14 ||    20
       Potion            |       |     1 |       ||     1
  Eat: Chunk             |     1 |     6 |     4 ||    11
       Meat ration       |       |       |     2 ||     2
       Royal jelly       |       |       |     1 ||     1
Armor: Leather armour    |     2 |     6 |    20 ||    28
       Ring mail         |       |       |    18 ||    18
Dodge: Dodged            |    10 |    15 |    74 ||    99
